 Dungeon Crawl Stone Soup version 0.23-a0-636-g0ff6057 (webtiles) character file.

315 MisterFreud the Slasher (level 6, -1/39 HPs)
             Began as an Octopode Gladiator on Dec 28, 2018.
             Was an Initiate of Cheibriados.
             Slain by an ogre
             ... wielding a +0 giant club
              (16 damage)
             ... on level 4 of the Dungeon.
             The game lasted 00:04:38 (2207 turns).

MisterFreud the Slasher (Octopode Gladiator)        Turns: 2207, Time: 00:04:39

Health: -1/39      AC:  6    Str: 14    XL:     6   Next: 43%
Magic:  15/15      EV: 14    Int: 14    God:    Cheibriados [......]
Gold:   200        SH:  0    Dex: 14    Spells: 5/5 levels left

rFire    . . .     SeeInvis .   a - +0 long sword
rCold    . . .     Gourm    .   (no shield)
rNeg     + . .     Faith    .   b - +1 hat
rPois    +         Spirit   .   (no amulet)
rElec    .         Reflect  .   h - ring of magical power
rCorr    .         Harm     .   j - ring of stealth
MR       .....                  t - +4 ring of protection
Stlth    ++++......             w - ring of positive energy
HPRegen  0.13/turn              B - ring of stealth
MPRegen  0.14/turn              E - ring of poison resistance
                                (no ring)
                                (no ring)

@: very slow
A: almost no armour, stealthy swim, amphibious, 8 rings, constrict 8, camouflage
1, gelatinous body 1
a: Bend Time, Renounce Religion


You were on level 4 of the Dungeon.
You worshipped Cheibriados.
Cheibriados was noncommittal.
You were not hungry.

You visited 1 branch of the dungeon, and saw 4 of its levels.

You collected 200 gold pieces.

Inventory:

Hand Weapons
 a - a +0 long sword (weapon)
Missiles
 c - 3 throwing nets (quivered)
 i - 69 stones
 n - 52 sling bullets
 o - 14 poisoned needles
 q - 40 arrows
 v - 24 bolts
 D - 4 tomahawks
Armour
 b - a +1 hat (worn)
Jewellery
 h - a ring of magical power (left tentacle)
 j - a ring of stealth (right tentacle)
 t - a +4 ring of protection (on tentacle)
 w - a ring of positive energy (on tentacle)
 B - a ring of stealth (on tentacle)
 E - a ring of poison resistance (on tentacle)
Wands
 C - a wand of polymorph (4)
Scrolls
 e - a scroll of amnesia
 f - a scroll of immolation
 l - 3 scrolls of blinking
 p - 2 scrolls of enchant armour
 r - a scroll of remove curse
 u - a scroll of teleportation
 y - a scroll of fog
Potions
 g - 4 potions of lignification {unknown}
 k - 3 potions of curing {unknown}
 m - a potion of agility {unknown}
 s - a potion of brilliance {unknown}
 z - a potion of ambrosia {unknown}
 A - a potion of degeneration {unknown}
Comestibles
 d - 5 rations
 x - 2 chunks of flesh


   Skills:
 - Level 2.0 Fighting
 + Level 7.0 Long Blades
 - Level 2.0 Throwing
 - Level 3.0 Dodging


You had 5 spell levels left.
You didn't know any spells.
Your spell library contained the following spells:

 Spells                   Type           Power        Failure   Level  Hunger
 Summon Lightning Spire   Summ/Air       #.......     96%         4    #####..
 Silence                  Hex/Air        #.........   100%        5    ######.
 Conjure Ball Lightning   Conj/Air       #.........   100%        6    #######
 Deflect Missiles         Chrm/Air       #.........   100%        6    #######
 Tornado                  Air            #.........   100%        9    #######


Dungeon Overview and Level Annotations

Branches:
Dungeon (4/15)
 Temple: D:4-7

Altars:
Cheibriados


Innate Abilities, Weirdness & Mutations

You cannot wear most types of armour.
You are very stealthy in the water. (Stealth+)
You are amphibious.
You can wear up to eight rings at the same time.
You can use your tentacles to constrict eight enemies at once.
Your skin changes colour to match your surroundings (Stealth+).
Your rubbery body absorbs attacks. (AC +1, EV +1)


Message History

You curl up in front of the altar of Cheibriados.
Cheibriados welcomes you!
Cheibriados begins to support your attributes as your movement slows.
You can now bend time to slow others.
You hear the slow hiss of an avalanche of sand nearby.
An ogre comes into view. It is wielding a +0 giant club.
Some of the chunks of flesh in your inventory have rotted away.
You closely miss the ogre.
The ogre shouts!
You squeeze the ogre, but do no damage.
The ogre hits you with a +0 giant club!!
Ouch! That really hurt!
You are too injured to fight recklessly!
You hit the ogre.
The ogre is moderately wounded.
The ogre barely misses you.
You hit the ogre. Your squeeze misses the ogre.
The ogre is heavily wounded.
The ogre hits you with a +0 giant club!
You die...

################
......รท........##
..#...#...#...#.##
.................#
..#...#...#...##.#
...............#.#
################@####
#.O.<# ####.# #...
..#.# #...# ##. # ..
#.


You could see an ogre.

Vanquished Creatures
  Sigmund (D:3)
  Ijyb (D:3)
  A worker ant (D:4)
  4 adders
  A gnoll (D:3)
  2 oozes
  2 worms (D:3)
  A leopard gecko (D:1)
  3 orcs (D:3)
  9 hobgoblins
  5 jackals (D:3)
  3 kobolds
  4 bats
  A frilled lizard (D:3)
  7 goblins
  2 rats
47 creatures vanquished.

Notes
Turn   | Place    | Note
-------+----------+-------------------------------------------
     0 | D:1      | MisterFreud the Octopode Gladiator began the quest for the
                  | Orb.
     0 | D:1      | Reached XP level 1. HP: 14/14 MP: 1/1
   140 | D:1      | Reached XP level 2. HP: 19/19 MP: 2/2
   453 | D:2      | Reached skill level 4 in Long Blades
   453 | D:2      | Reached XP level 3. HP: 14/24 MP: 3/3
  1346 | D:3      | Reached XP level 4. HP: 21/29 MP: 4/4
  1453 | D:3      | Noticed Sigmund
  1460 | D:3      | Killed Sigmund
  1460 | D:3      | Reached skill level 6 in Long Blades
  1460 | D:3      | Reached XP level 5. HP: 34/34 MP: 5/5
  1477 | D:3      | Reached XP level 6. HP: 39/39 MP: 6/6
  1735 | D:3      | Noticed Ijyb
  1839 | D:3      | Killed Ijyb
  2148 | D:4      | Reached skill level 7 in Long Blades
  2172 | D:4      | Found a snail-covered altar of Cheibriados.
  2182 | D:4      | Became a worshipper of Cheibriados the Contemplative
  2207 | D:4      | Slain by an ogre

Vault maps used:
D:1:      evilmike_arrival_crescent, minivault_25
D:2:      cheibrodos_greedy_goblins
D:3:      minmay_increasing_density, uniq_ijyb, uniq_sigmund
D:4:      lemuel_coloured_pillars_altar, lemuel_crystal_altar, temple_fountains,
          first_ration, enter_ossuary_1, serial_shops, shop, uniq_menkaure

Skill      XL: |  1  2  3  4  5  6 |
---------------+-------------------+-----
Long Blades    | 4 6 7 |  7.0
Fighting       | |  2.0
Throwing       | |  2.0
Dodging        | |  3.0

Action                   |  1- 3 |  4- 6 || total
-------------------------+-------+-------++-------
Melee: Long sword        |    43 |    41 ||    84
       Constrict         |    11 |    11 ||    22
       Tentacles         |     9 |     7 ||    16
       Unarmed           |       |     4 ||     4
  Use: Scroll            |     1 |     7 ||     8
 Stab: Sleeping          |     6 |     5 ||    11
  Eat: Chunk             |       |     4 ||     4
Armor: Skin              |     5 |    15 ||    20
Dodge: Dodged            |    26 |    32 ||    58
       Rpst.: Long sword |     7 |     5 ||    12

Table legend:
 A = Non-vault XP
 B = Vault XP
 C = Vault XP percentage of total XP
 D = Non-vault monster count
 E = Vault monster count
 F = Vault count percentage of total count
                 A         B        C        D         E       F
            +---------+---------+-------+---------+---------+-------
      Total |     136 |     314 |  69.8 |      31 |      16 |  34.0
            +---------+---------+-------+---------+---------+-------
        D:1 |      24 |       0 |   0.0 |      11 |       0 |   0.0
        D:2 |      17 |      14 |  45.2 |       3 |       7 |  70.0
        D:3 |      49 |     300 |  86.0 |      15 |       9 |  37.5
        D:4 |      46 |       0 |   0.0 |       2 |       0 |   0.0
            +---------+---------+-------+---------+---------+-------
